 Dungeon Crawl Stone Soup version 0.20-a0-1040-gfd09691 (webtiles) character file.

473 Jarno the Shield-Bearer (level 7, -7/55 HPs)
             Began as a Formicid Fighter on Apr 23, 2017.
             Was an Initiate of Ru.
             Mangled by an ogre
             ... wielding a +0 giant club
              (17 damage)
             ... on level 4 of the Dungeon.
             The game lasted 00:07:52 (4139 turns).

Jarno the Shield-Bearer (Formicid Fighter)          Turns: 4139, Time: 00:07:53

Health: -7/55      AC:  7    Str: 21    XL:     7   Next: 32%
Magic:  7/7        EV:  9    Int:  7    God:    Ru [......]
Gold:   261        SH: 10    Dex: 12    Spells: 6/6 levels left

rFire    . . .     SeeInvis +   a - +0 war axe
rCold    . . .     Gourm    .   c - +0 shield
rNeg     . . .     Faith    .   b - +0 scale mail
rPois    .         Spirit   .   (helmet unavailable)
rElec    .         Reflect  .   (no cloak)
rCorr    .         Harm     .   (no gloves)
MR       .....                  (no boots)
Stlth    ..........             (no amulet)
Regen    0.2/turn               (no ring)
MPRegen  0.1/turn               (no ring)

@: no status effects
A: permanent stasis, dig shafts and tunnels, four strong arms, antennae 3,
missing an eye
a: Dig, Shaft Self, Renounce Religion


You were on level 4 of the Dungeon.
You worshipped Ru.
Ru was noncommittal.
You were hungry.

You visited 1 branch of the dungeon, and saw 4 of its levels.

You collected 261 gold pieces.

Inventory:

Hand Weapons
 a - a +0 war axe (weapon)
 v - a +0 blowgun
Missiles
 w - 14 poisoned needles
Armour
 b - a +0 scale mail (worn)
 c - a +0 shield (worn)
Jewellery
 n - an uncursed ring of flight {unknown}
Wands
 u - a wand of paralysis (5/24)
Scrolls
 e - a scroll of noise
Potions
 d - 2 potions of might
 g - 2 potions of curing
 h - a potion of cancellation {unknown}
 i - a potion of resistance {unknown}
 j - a potion of berserk rage {unknown}
 m - a potion of invisibility {unknown}
 r - a potion of magic {unknown}
 t - 2 potions of ambrosia
Comestibles
 f - 2 bread rations
 s - a royal jelly


   Skills:
 + Level 4.5 Fighting
 + Level 4.6 Axes
 + Level 4.7 Armour
 + Level 1.3 Dodging
 + Level 5.4 Shields


You had 6 spell levels left.
You didn't know any spells.

Dungeon Overview and Level Annotations

Branches:
Dungeon (4/15)             Temple (0/1) D:4

Altars:
Ashenzari
Cheibriados
Nemelex Xobeh
Okawaru
Qazlal
Ru
Uskayaw

Annotations:
D:3 Terence


Innate Abilities, Weirdness & Mutations

You cannot be hasted, slowed, berserked, paralysed or teleported.
You can dig through walls and to a lower floor.
Your four strong arms can wield two-handed weapons with a shield.
You have a pair of large antennae on your head. (SInv)
You are missing an eye, making it more difficult to aim.


Message History

Press: ? - help, Shift-Dir - straight line, f/p - ogre
Aim: an ogre, wielding a giant club (lightly wounded, poisoned)
You shoot a poisoned needle. The poisoned needle hits the ogre.
The ogre is lightly wounded.
a - a +0 war axe (weapon)
You hit the ogre.
The ogre is moderately wounded.
You block the ogre's attack.
You barely miss the ogre.
The ogre is moderately wounded.
The ogre hits you with a giant club!!
Your scale mail prevents you from hitting the ogre.
The ogre is moderately wounded.
The ogre looks more healthy.
The ogre hits you with a giant club!!
* * * LOW HITPOINT WARNING * * *
You are feeling hungry.
You hit the ogre but do no damage.
The ogre is moderately wounded.
The ogre hits you with a giant club!
You die...

## .. ...# ### #.#####
.#.# ...#.#... ###..).
####.#.#.########....#
...?...@.....#..#....
......O.....##...#.###
............##.......#
....(.......####.....# .
............##.)..#..#.#
..(.......#..#[)..#.....
.)........#.....###.#.##
(.........#.....[.#.#...
.........###.#...#.####


You could see an ogre.

Vanquished Creatures
  The ghost of Jarno the Charmwright, an amateur GnSk (D:3)
  A scorpion (D:4)
  An orc priest (D:4)
  A centaur skeleton (D:4)
  An orc wizard (D:4)
  Ijyb (D:3)
  4 gnolls (D:3)
  7 adders
  An ooze (D:2)
  An adder zombie (D:4)
  An adder skeleton (D:4)
  4 dart slugs
  3 leopard geckos
  14 orcs
  5 giant cockroaches
  9 goblins
  5 hobgoblins
  12 jackals
  7 kobolds
  A quokka (D:3)
  5 ball pythons
  8 bats
  8 frilled lizards
  A leopard gecko skeleton (D:4)
  6 rats
  2 bushes (D:2)
110 creatures vanquished.

Vanquished Creatures (others)
  A leopard gecko (D:1)
  A bat (D:1)
2 creatures vanquished.

Grand Total: 112 creatures vanquished

Notes
Turn   | Place    | Note
-------+----------+-------------------------------------------
     0 | D:1      | Jarno the Formicid Fighter began the quest for the Orb.
     0 | D:1      | Reached XP level 1. HP: 18/18 MP: 1/1
    37 | D:1      | Reached XP level 2. HP: 16/24 MP: 2/2
   519 | D:1      | Reached XP level 3. HP: 29/29 MP: 3/3
   713 | D:2      | Found a sacrificial altar of Ru.
   746 | D:2      | Became a worshipper of Ru the Awakened
   810 | D:2      | Reached skill level 4 in Shields
   831 | D:2      | Found a shattered altar of Ashenzari.
   961 | D:2      | Found a hide-covered altar of Uskayaw.
   971 | D:2      | Reached XP level 4. HP: 36/36 MP: 4/4
  1514 | D:3      | Reached XP level 5. HP: 35/42 MP: 5/5
  1566 | D:3      | Found a sparkling altar of Nemelex Xobeh.
  1574 | D:3      | Noticed Jarno's ghost (amateur GnSk)
  1861 | D:3      | Killed Jarno's ghost
  1861 | D:3      | Reached skill level 1 in Dodging
  2043 | D:3      | Found a snail-covered altar of Cheibriados.
  2043 | D:3      | Noticed Ijyb
  2065 | D:3      | Killed Ijyb
  2065 | D:3      | Reached XP level 6. HP: 34/48 MP: 6/6
  2113 | D:3      | Found a stormy altar of Qazlal.
  2255 | D:3      | Found an iron altar of Okawaru.
  2800 | D:3      | Noticed Terence
  2854 | D:2      | Gained mutation: You are missing an eye, making it more difficult to aim. [Ru sacrifice]
  3411 | D:4      | Reached skill level 5 in Shields
  3411 | D:4      | Reached XP level 7. HP: 37/55 MP: 7/7
  3590 | D:4      | Found a staircase to the Ecumenical Temple.
  3774 | D:4      | Got a pair of ichor-stained boots
  4030 | D:3      | Identified the cursed +0 pair of boots of the Wilderness {*Slow rN+ Stlth+} (You found it on level 4 of the Dungeon)
  4139 | D:4      | Mangled by an ogre

Vault maps used:
D:1:      minmay_arrival_four_circles, hangedman_abyss_or_decor_stabs,
          st_stairs_3, minmay_misc_feat_enclosed, lemuel_flame_loot_1
D:2:      minmay_wonky_spiral, eat_drink_and_be_merry_uskayaw,
          evilmike_ruin_ashenzari, overflow_temple_1_default, first_bread,
          minmay_hedge_maze
D:3:      grunt_qazlal_sundering, overflow_temple_1_default,
          cheibriados_altar_1, kennysheep_okawaru_gauntlet, uniq_terence,
          uniq_ijyb
D:4:      marbit_many_paths, minmay_temple_entry_statues_pillars,
          hangedman_decor_push

Skill      XL: |  1  2  3  4  5  6 |
---------------+-------------------+-----
Shields        | 4 5 |  5.4
Axes           | 3 4 |  4.6
Armour         | 4 |  4.7
Dodging        | 1 |  1.3
Fighting       | 4 |  4.5

Action                   |  1- 3 |  4- 6 |  7- 9 || total
-------------------------+-------+-------+-------++-------
Melee: War axe           |    84 |   332 |    63 ||   479
 Fire: Blowgun           |       |       |     4 ||     4
Invok: Sacrifice an Eye  |       |     1 |       ||     1
  Use: Scroll            |       |       |     8 ||     8
       Potion            |       |       |     1 ||     1
  Eat: Chunk             |       |     9 |     2 ||    11
Armor: Scale mail        |    50 |   119 |    35 ||   204
Dodge: Dodged            |    31 |    91 |    32 ||   154
Block: Shield            |    49 |   178 |    52 ||   279
